 Dungeon Crawl Stone Soup version 0.29.1-13-g9f3cf754e1 (webtiles) character file.

Game seed: 12734230725908363336

58 Gabide the Sneak (level 4, 0/42 HPs)
             Began as a Naga Monk on Jan 26, 2023.
             Slain by a gnoll
             ... wielding a +0 spear
              (8 damage)
             ... on level 2 of the Dungeon.
             The game lasted 00:02:01 (1566 turns).

Gabide the Sneak (Naga Monk)                        Turns: 1566, Time: 00:02:01

Health: 0/42       AC:  2    Str: 14    XL:     4   Next: 1%
Magic:  4/4        EV: 11    Int: 10    God:
Gold:   44         SH:  0    Dex: 21    Spells: 3/3 levels left

rFire   . . .      SeeInvis +   a - +0 short sword
rCold   . . .      Faith    .   (no shield)
rNeg    . . .      Spirit   .   b - +0 robe
rPois   +          Reflect  .   (no helmet)
rElec   .          Harm     .   (no cloak)
rCorr   .          Rampage  .   (no gloves)
Will    .....                   (no barding)
Stlth   +++.......              (no amulet)
HPRegen 0.14/turn               g - +6 ring of dexterity
MPRegen 0.09/turn               (no ring)

@: very slow
A: AC +1, large, see invisible, deformed body, poison resistance, slowness 2,
spit poison 1, naga tail 1
a: Spit Poison


You were on level 2 of the Dungeon.
You visited 1 branch of the dungeon, and saw 2 of its levels.

You collected 44 gold pieces.

Inventory:

Hand Weapons
 a - a +0 short sword (weapon)
 e - a +0 long sword
Armour
 b - a +0 robe (worn)
Jewellery
 g - a +6 ring of dexterity (left hand)
Scrolls
 d - a scroll of teleportation {unknown}
Potions
 c - a potion of ambrosia
 f - a potion of invisibility {unknown}


   Skills:
 + Level 3.5 Fighting
 + Level 3.4 Short Blades
 + Level 2.8 Dodging
 + Level 4.2 Stealth


You had 3 spell levels left.
You didn't know any spells.
Your spell library contained the following spells:

 Spells                   Type           Power      Damage    Failure   Level
 Apportation              Tloc           0%         N/A       36%         1
 Gell's Gravitas          Tloc           0%         N/A       75%         3
 Teleport Other           Tloc           0%         N/A       75%         3
 Alistair's Intoxication  Tmut/Pois      0%         N/A       100%        5
 Dispersal                Tloc           0%         N/A       100%        6


Dungeon Overview and Level Annotations

Branches:
Dungeon (2/15)

Altars:


Innate Abilities, Weirdness & Mutations

Your serpentine skin is tough. (AC +1)
You have supernaturally acute eyesight. (SInv)
Armour fits poorly on your strangely shaped body.
Your system is resistant to poisons. (rPois)
You cover ground very slowly.
You can spit poison.
You have a snake-like lower body.


Message History

The gnoll closely misses you. The gnoll barely misses you.
The gnoll attacks as you move away! The gnoll barely misses you.
The gnoll attacks as you move away! The gnoll hits you with a +0 whip.
Unknown command.
You have got your breath back.
The gnoll barely misses you.
The gnoll looks more healthy.
The gnoll attacks as you move away! The gnoll closely misses you.
The gnoll hits you with a +0 whip.
Aiming: Spit Poison (2% risk of failure)
Press: ? - help, Q - select action Shift-Dir - straight line, f/p - gnoll
Aim: a gnoll, wielding a +0 whip (moderately wounded, 65% to hit)
The splash of poison hits the gnoll!
The gnoll is poisoned.
You kill the gnoll!
The gnoll hits you from afar with a +0 spear.
Your Stealth skill increases to level 4!
Unknown command.
You have got your breath back.
Aiming: Spit Poison (2% risk of failure)
Press: ? - help, Q - select action Shift-Dir - straight line, f - gnoll
Aim: a gnoll, wielding a +0 spear (65% to hit)
The splash of poison hits the gnoll.
The gnoll is poisoned.
The gnoll is heavily wounded.
The gnoll hits you from afar with a +0 spear.
The gnoll hits you from afar with a +0 spear.
You kill the gnoll!
You have reached level 4!
You feel stronger.
You have got your breath back.
Aiming: Spit Poison (1% risk of failure)
Press: ? - help, Q - select action Shift-Dir - straight line, f - gnoll
Aim: a gnoll, wielding a +0 spear (65% to hit)
The splash of poison misses the gnoll.
The gnoll hits you from afar with a +0 spear.
The gnoll hits you from afar with a +0 spear.
* * * LOW HITPOINT WARNING * * *
You have got your breath back.
The gnoll hits you from afar with a +0 spear!
You die...

# #.# #.# # #.
#.# # #.# # #.###
# #...# # #...# #
#.# #...# # #.#
##.## # #.# #@# .
#.# #.# . #.# #g#
#.# #S#
#######.#######.#
........)..)S...#
..#####.#########
#....# #.##.#


You could see a gnoll and a ball python.

Vanquished Creatures
  2 gnolls (D:2)
  An adder (D:2)
  2 worms
  2 dart slugs (D:1)
  2 endoplasms (D:1)
  A giant cockroach (D:1)
  2 goblins (D:1)
  2 hobgoblins (D:1)
  4 ball pythons
  2 kobolds (D:1)
  A rat (D:1)
21 creatures vanquished.

Vanquished Creatures (others)
  A kobold (D:1)
  A rat (D:1)
2 creatures vanquished.

Grand Total: 23 creatures vanquished

Notes
Turn   | Place    | Note
-------+----------+-------------------------------------------
     0 | D:1      | Gabide the Naga Monk began the quest for the Orb.
     0 | D:1      | Reached XP level 1. HP: 21/21 MP: 1/1
    89 | D:1      | Reached XP level 2. HP: 19/28 MP: 2/2
  1173 | D:1      | Reached XP level 3. HP: 12/34 MP: 3/3
  1555 | D:2      | Reached skill level 4 in Stealth
  1561 | D:2      | Reached XP level 4. HP: 17/42 MP: 4/4
  1566 | D:2      | Slain by a gnoll

Illustrated notes

Levels and vault maps discovered:
D:1:      minmay_arrival_jagged, layout_loops_ring, minmay_misc_feat_alley,
          lemuel_flame_loot_1
D:2:      layout_loops_ring, grunt_ministairs_15, nicolae_elevator_lobby_plus

Skill      XL: |  1  2  3 |
---------------+----------+-----
Stealth        | 4 |  4.2
Fighting       | |  3.5
Short Blades   | |  3.4
Dodging        | |  2.8

Action                   |  1- 3 |  4- 6 || total
-------------------------+-------+-------++-------
Melee: Short sword       |    22 |       ||    22
       Punch             |     1 |       ||     1
       Long sword        |     9 |       ||     9
 Abil: Spit Poison       |    22 |     1 ||    23
 Stab: Sleeping          |     4 |       ||     4
       Distracted        |     1 |       ||     1
Armor: Robe              |     2 |       ||     2
Dodge: Dodged            |    18 |       ||    18
